AoeStats
← 黑色的广告

Arabia

510326368Analyzed
1v1 RM · 20h ago on Sep 30, 2026· 34m 9s· 2 players
Game mode
Random Map
Map size
Tiny (2 player)
Population
200
Speed
Normal
Resources
Standard
Victory
Conquest
Starting age
Dark Age
Ending age
Imperial Age
RankedLock teamsTeams togetherTeam positionsShared explorationLock speedFull tech treeHidden civsTurbo modeCheats
Victory
Defeat
🇧🇷 Dravidians · Brazil
972
+15
🇨🇳 Bengalis · China
953
-15
黑色的广告
10:49 Feudal Age
14:52 Castle Age
12:56 Double-Bit Axe
21:44 Fletching
24:38 Gold Mining
24:39 Loom
26:36 Bodkin Arrow
27:32 Wheelbarrow
27:30 Sanctity
27:38 Atonement
29:08 Padded Archer Armor
28:33 Elite Skirmisher
31:04 Horse Collar
32:37 Ballistics
32:27 Masonry
Bélga
7:39 Loom
11:07 Feudal Age
11:56 Double-Bit Axe
20:19 Castle Age
19:01 Fletching
21:53 Bow Saw
24:13 Wheelbarrow
25:28 Gold Mining
29:48 Padded Archer Armor
Connection lost

Rejoining the realm…

Still unreachable

The connection could not be restored.

Session expired

The server has moved on; the page needs a fresh start.